 Dungeon Crawl Stone Soup version 0.32-a0-42-ga30500b4d3 (webtiles) character file.

Game seed: 61745171308395837

183 Ceno the Slasher (level 5, -1/32 HPs)
             Began as a Tengu Reaver on Feb 2, 2024.
             Was an Initiate of Ru.
             Incinerated by a bombardier beetle (5 damage)
             ... with a burning spray
             ... on level 3 of the Dungeon.
             The game lasted 00:07:32 (2727 turns).

Ceno the Slasher (Tengu Reaver)                     Turns: 2727, Time: 00:07:32

Health: -1/32      AC:  4    Str: 13    XL:     5   Next: 62%
Magic:  10/10      EV: 27    Int: 13    God:    Ru [......]
Gold:   91         SH:  0    Dex: 14    Spells: 4/10 levels left

rFire   . . .        a - +0 falchion
rCold   . . .        (no shield)
rNeg    . . .        b - +0 leather armour
rPois   +            (helmet restricted)
rElec   .            i - +0 cloak
rCorr   .            (no gloves)
SInv    .            (boots unavailable)
Will    +....        k - amulet of magic regeneration
Stlth   +            g - ring of poison resistance
HPRegen 0.25/turn    p - ring of willpower
MPRegen 0.52/turn

%: acrobat
@: on fire, acrobatic, glowing
A: beak, talons 3, acrobatic
a: Renounce Religion


You were on level 3 of the Dungeon.
You worshipped Ru.
Ru was noncommittal.
You visited 1 branch of the dungeon, and saw 3 of its levels.

You collected 91 gold pieces.

Inventory:

Hand Weapons
 a - a +0 falchion (weapon)
Missiles
 h - 21 stones
Armour
 b - a +0 leather armour (worn)
 i - a +0 cloak (worn)
Jewellery
 g - a ring of poison resistance (left hand)
 k - an amulet of magic regeneration (around neck)
 p - a ring of willpower (right hand)
Scrolls
 d - a scroll of amnesia {unknown}
 f - a scroll of fear {unknown}
 m - 2 scrolls of identify {unknown}
 n - 2 scrolls of enchant armour {unknown}
 o - a scroll of teleportation {unknown}
 r - a scroll of immolation {unknown}
Potions
 c - 2 potions of haste {unknown}
 e - 2 potions of enlightenment {unknown}
 j - 2 potions of attraction {unknown}
 l - a potion of brilliance {unknown}
 q - 2 potions of curing {unknown}


   Skills:
 + Level 3.2 Fighting
 + Level 5.2 Long Blades
 - Level 2.1 Dodging
 * Level 3.2 Spellcasting
 - Level 4.0 Conjurations


You had 4 spell levels left.
You knew the following spells:

 Your Spells              Type           Power      Damage    Failure   Level
a - Kiss of Death         Conj/Necr      28%        2d7       13%         1
b - Momentum Strike       Conj/Tloc      14%        3d8       19%         2
c - Hailstorm             Conj/Ice       7%         3d5       36%         3

Your spell library contained the following spells:

 Spells                   Type           Power      Damage    Failure   Level
 Sting                    Conj/Alch      28%        1d4       13%         1
 Apportation              Tloc           4%         N/A       28%         1
 Necrotise                Necr           8%         1d4       28%         1
 Summon Small Mammal      Summ           8%         N/A       28%         1
 Ignite Poison            Fire/Alch      2%         N/A       96%         4
 Passage of Golubria      Tloc           2%         N/A       96%         4
 Sticky Flame             Fire/Alch      2%         2d4       96%         4
 Silence                  Hex/Air        1%         N/A       100%        5
 Ignition                 Fire           1%         3d3       100%        8
 Lehudib's Crystal Spear  Conj/Erth      3%         10d3      100%        8


Dungeon Overview and Level Annotations

Branches:
Dungeon (3/15)

Altars:
Ru
Uskayaw


Innate Abilities, Weirdness & Mutations

You have a beak for a mouth.
You have claws for feet.
You can magically evade attacks while moving or waiting.


Message History

Aiming: Momentum Strike (safe; 19% risk of failure)
Press: ? - help, Dir - move target, f - bombardier beetle
Aim: a bombardier beetle (81% to hit)
You miscast Momentum Strike.
You are very lightly contaminated with residual magic.
Nothing appears to happen.
Casting: Momentum Strike (safe; 19% risk of failure)
Confirm with . or Enter, or press ? or * to list all spells.
Aiming: Momentum Strike (safe; 19% risk of failure)
Press: ? - help, Dir - move target, f/p - bombardier beetle
Aim: a bombardier beetle (81% to hit)
The concentrated momentum hits the bombardier beetle!
The bombardier beetle is severely wounded.
You are unable to move.
You barely miss the bombardier beetle. You claw the bombardier beetle.
You peck the bombardier beetle.
The bombardier beetle is almost dead.
You closely miss the bombardier beetle.
You peck the bombardier beetle, but do no damage.
The bombardier beetle is almost dead.
The bombardier beetle sprays incendiary fluid at you.
The burning spray hits you.
You are covered in liquid fire!
You hit the bombardier beetle.
You kill the bombardier beetle!
The liquid fire burns you!
You cannot move.
The liquid fire burns you!
You are no longer robbed of momentum.
The liquid fire burns you! The liquid fire burns you!
The liquid fire burns you!
* * * LOW HITPOINT WARNING * * *
Your magical contamination has completely faded away.
You shake off some of the fire as you move.
The liquid fire burns you!
* * * LOW HITPOINT WARNING * * *
You shake off some of the fire as you move.
The liquid fire burns you!
You die...

#......#
#######..##.##...#.#..
.......# #...##..###...##
#......## #.....#..#.###..
#.......#######
#...#.##)#.#....
#.#####.......#
#...#..##..#.... #.#
##......# #.. #...........
#.# #......# # ###.#.......
#.# #####..#########
###.#.#####. #.#
#...##.#....@..# ... #.. ...
..# #..[##.........##.#..###
###
#####...###..............B..
........# ##........########
# #######.# #........# . #
#.# ###..###.# # # # #.#
##..##.# #. # # #.# ##.##.#
#.## # #.# #.##.# #..#


There were no monsters in sight!

Vanquished Creatures
  A bombardier beetle (D:3)
  An orc wizard (D:3)
  Robin (D:1)
  5 adders
  A ribbon worm (D:2)
  2 orcs (D:3)
  5 bats
  5 endoplasms
  4 giant cockroaches
  10 goblins
  7 hobgoblins
  4 jackals (D:3)
  2 quokkas
  7 ball pythons
  6 frilled lizards
  5 kobolds
  A rat (D:1)
67 creatures vanquished.

Notes
Turn   | Place    | Note
-------+----------+-------------------------------------------
     0 | D:1      | Ceno the Tengu Reaver began the quest for the Orb.
     0 | D:1      | Reached XP level 1. HP: 12/12 MP: 4/4
   110 | D:1      | You fall into a shaft and drop 1 floor!
   283 | D:1      | Reached XP level 2. HP: 16/17 MP: 6/6
   288 | D:1      | Learned a level 2 spell: Momentum Strike
   988 | D:2      | Noticed Robin
   992 | D:2      | Reached skill level 4 in Long Blades
   992 | D:2      | Reached XP level 3. HP: 16/22 MP: 7/7
  1148 | D:1      | Killed Robin
  1590 | D:2      | Reached XP level 4. HP: 27/27 MP: 5/8
  1917 | D:2      | Found a faded altar of an unknown god.
  2044 | D:3      | Learned a level 3 spell: Hailstorm
  2256 | D:3      | Found a sacrificial altar of Ru.
  2270 | D:3      | Reached XP level 5. HP: 32/32 MP: 10/10
  2278 | D:3      | Reached skill level 5 in Long Blades
  2279 | D:3      | Became a worshipper of Ru the Awakened
  2510 | D:3      | Identified the +10 chain mail of Safieza {Str+4 Int+7}
  2513 | D:3      | Found a faded altar of an unknown god.
  2517 | D:3      | Found a hide-covered altar of Uskayaw.
  2727 | D:3      | Incinerated by a bombardier beetle

Illustrated notes

Levels and vault maps discovered:
D:1:      minmay_arrival_doors, layout_loops_ring, minivault_27,
          serial_bayou_pond_e
D:2:      layout_basic, basic_ecumenical_altar, serial_corexii_hall,
          corexii_hall_statues_x, corexii_hall_statues_l, uniq_robin
D:3:      layout_basic, nicolae_overflow_ecumenical_swirl,
          nicolae_ru_great_annihilating_truth, minivault_5,
          minmay_pentomino_pile

Skill      XL: |  1  2  3  4  5 |
---------------+----------------+-----
Long Blades    | 4 5 |  5.2
Fighting       | 3 |  3.2
Spellcasting   | 3 |  3.2
Dodging        | |  2.1
Conjurations   | |  4.0

Action                     |  1- 3 |  4- 6 || total
---------------------------+-------+-------++-------
  Melee: Falchion          |    74 |    71 ||   145
         Kick              |    16 |    12 ||    28
         Peck              |     5 |    10 ||    15
   Cast: Momentum Strike   |     3 |     6 ||     9
   Stab: Sleeping          |     1 |       ||     1
 Armour: Leather armour    |    47 |    24 ||    71
  Dodge: Dodged            |    71 |    42 ||   113

Table legend: (Time is in decaauts)
 A = Elapsed time spent in this place.
 B = Non-inter-level travel time spent in this place.
 C = Inter-level travel time spent in this place.
 D = Time resting spent in this place.
 E = Time spent auto-exploring this place.
 F = Levels seen in this place.
 G = Mean time per level.
                   A        B        C        D        E       F      G
               +--------+--------+--------+--------+--------+-----+--------+
         Total |   2742 |   2689 |     53 |    126 |   1764 |   3 |  914.0 |
       Dungeon |   2742 |   2689 |     53 |    126 |   1764 |   3 |  914.0 |
               +--------+--------+--------+--------+--------+-----+--------+

Top non-repeatable levels by time:
     D:2: 1017 daAuts
     D:1: 1002 daAuts
     D:3: 722 daAuts
